 Dungeon Crawl Stone Soup version 0.29.1-15-g9cfb28693d (webtiles) character file.

Game seed: 120598480841633150

500 nightchill the Magician (level 7, -2/54 HPs)
             Began as a Djinni Conjurer on Mar 3, 2023.
             Was an Initiate of Ashenzari.
             Slain by a centaur (4 damage)
             ... on level 5 of the Dungeon.
             The game lasted 00:10:24 (5287 turns).

nightchill the Magician (Djinni Conjurer)           Turns: 5287, Time: 00:10:25

Health: -2/54      AC:  4    Str:  6    XL:     7   Next: 40%
Gold:   207        EV: 12    Int: 21    God:    Ashenzari [......] SH:  0 Dex: 12

rFire   + + .      SeeInvis .   c - +1 dagger (flame)
rCold   x . .      Faith    .   (no shield)
rNeg    . . .      Spirit   .   a - +0 robe
rPois   ∞          Reflect  .   (no helmet)
rElec   .          Harm     .   p - +0 cloak
rCorr   .          Rampage  .   n - +0 pair of gloves
Will    +....                   (boots unavailable)
Stlth   ++........              (no amulet)
HPRegen 0.18/turn               d - ring of willpower
MPRegen 0.00/turn               (no ring)

@: flying
A: sickness immunity, fire resistance 2, cold vulnerability 1, float, innate
caster, HP casting, extra vitality 1
a: Renounce Religion


You were on level 5 of the Dungeon.
You worshipped Ashenzari.
Ashenzari was noncommittal.
You visited 2 branches of the dungeon, and saw 6 of its levels.

You collected 207 gold pieces.

Inventory:

Hand Weapons
 c - a +1 dagger of flaming (weapon)
 w - a +2 short sword of freezing
Missiles
 B - a throwing net
Armour
 a - a +0 robe (worn)
 n - a +0 pair of gloves (worn)
 p - a +0 cloak (worn)
 y - a +0 robe
Jewellery
 d - a ring of willpower (left hand)
 u - a +6 ring of intelligence
 D - an amulet of the acrobat
Wands
 A - a wand of acid (4)
Scrolls
 e - a scroll of blinking {unknown}
 f - 5 scrolls of teleportation {unknown}
 i - a scroll of brand weapon {unknown}
 k - 5 scrolls of identify {unknown}
 l - 2 scrolls of magic mapping {unknown}
 o - a scroll of enchant armour {unknown}
 q - 2 scrolls of noise {unknown}
 r - 2 scrolls of immolation {unknown}
 s - a scroll of enchant weapon {unknown}
 t - 2 scrolls of fear {unknown}
 E - a scroll of amnesia {unknown}
Potions
 b - 2 potions of attraction {unknown}
 g - 2 potions of haste {unknown}
 h - a potion of berserk rage {unknown}
 j - 2 potions of brilliance {unknown}
 m - a potion of flight {unknown}
 v - a potion of lignification {unknown}
 x - a potion of heal wounds {unknown}
 z - a potion of might {unknown}
 C - 2 potions of curing {unknown}


   Skills:
 * Level 5.0 Fighting
 - Level 2.1 Dodging
 - Level 1.5 Stealth
 * Level 5.1 Spellcasting


You couldn't memorise any spells.
You knew the following spells:

 Your Spells              Type           Power      Damage    Failure   Level
a - Magic Dart            Conj           100%       1d8       1%          1
b - Searing Ray           Conj           54%        2d6       1%          2
c - Dazzling Flash        Conj/Hex       54%        N/A       3%          3
d - Fulminant Prism       Conj/Hex       13%        3d9       13%         4
e - Iskenderun's Mystic   Conj/Tloc      27%        2d7       13%         4
f - Slow                  Hex            100%       N/A       1%          1
g - Wereblood             Tmut           27%        N/A       1%          2
h - Ozocubu's Armour      Ice            27%        N/A       3%          3
Your spell library was empty.

Dungeon Overview and Level Annotations

Branches:
Dungeon (5/15)             Temple (1/1) D:5

Altars:
Ashenzari
Dithmenos
Elyvilon
Fedhas
Gozag
Qazlal
Ru
Trog
Xom
Zin

Annotations:
D:4 exclusion: downstairs


Innate Abilities, Weirdness & Mutations

You are immune to sickness and miasma.
You are immune to poison.
Your flesh is very heat resistant. (rF++)
You are vulnerable to cold. (rC-)
You float through the air rather than walking.
You learn spells naturally, not from books.
Your magical power is your life essence.
You have superior vitality. (+4 MHP)


Message History

* * * LOW HITPOINT WARNING * * *
The centaur hits you.
* * * LOW HITPOINT WARNING * * *
The centaur barely misses you. The centaur barely misses you.
The centaur kicks you but does no damage.
The centaur hits you but does no damage.
The centaur kicks you but does no damage.
Unknown command.
The centaur closely misses you. The centaur barely misses you.
Unknown command.
The centaur closely misses you. x2
Unknown command.
The centaur hits you but does no damage.
The centaur closely misses you.
Unknown command.
The centaur barely misses you. The centaur closely misses you.
The centaur closely misses you. The centaur misses you. The centaur hits you.
* * * LOW HITPOINT WARNING * * *
The centaur kicks you.
* * * LOW HITPOINT WARNING * * *
The centaur barely misses you. x2
Unknown command.
The centaur hits you.
* * * LOW HITPOINT WARNING * * *
The centaur completely misses you.
The centaur hits you but does no damage.
The centaur misses you.
Unknown command.
The centaur hits you but does no damage.
The centaur kicks you but does no damage.
Unknown command.
The centaur hits you.
* * * LOW HITPOINT WARNING * * *
The centaur kicks you.
* * * LOW HITPOINT WARNING * * *
The centaur misses you. The centaur barely misses you. The centaur hits you.
You die...

#. ..........##....8.>.
#.. ....##.... ####..⌠.⌠
#.. ...########....8.8.
#... #......c.#.........
#...##$.......##....####
#.............####..#
#.......########....#
#......c##....##....#
######.@............#
#...##.........#...##
#....#..##.....#####
#....#..##'#####
#....#.......^.#
#....'.........#
#....#.........#
#...##..##....##
###############


You could see a centaur (slow).

Vanquished Creatures
  A necrophage (D:5)
  A scorpion (D:5)
  A jelly (D:5)
  3 hounds
  An iguana (D:5)
  2 orc wizards
  5 adders
  6 gnolls (D:3)
  2 worms (D:3)
  2 dart slugs
  6 orcs
  7 bats
  5 endoplasms
  6 giant cockroaches
  5 goblins
  5 hobgoblins
  5 jackals (D:1)
  A quokka (D:2)
  6 ball pythons
  3 frilled lizards
  3 kobolds (D:1)
  8 rats
84 creatures vanquished.

Notes
Turn   | Place    | Note
-------+----------+-------------------------------------------
     0 | D:1      | nightchill the Djinni Conjurer began the quest for the Orb.
     0 | D:1      | nightchill set off with the following spells memorised:
                  | Magic Dart, Searing Ray, Dazzling Flash, Fulminant Prism,
                  | Iskenderun's Mystic Blast.
     0 | D:1      | Reached XP level 1. HP: 15/15 MP: 0/0
   227 | D:1      | Reached XP level 2. HP: 14/22 MP: 0/0
   231 | D:1      | Reached skill level 1 in Fighting
   992 | D:1      | Reached XP level 3. HP: 25/27 MP: 0/0
   992 | D:1      | Learned a level 1 spell: Slow
  1385 | D:1      | Found a faded altar of an unknown god.
  2064 | D:2      | Reached XP level 4. HP: 27/33 MP: 0/0
  2647 | D:3      | You are sucked into a shaft and drop 1 floor!
  2680 | D:4      | Reached XP level 5. HP: 37/40 MP: 0/0
  2680 | D:4      | Learned a level 2 spell: Wereblood
  3237 | D:4      | Found a sacrificial altar of Ru.
  3321 | D:5      | Entered Level 5 of the Dungeon
  3321 | D:5      | Noticed a black bear
  3477 | D:3      | Reached XP level 6. HP: 42/46 MP: 0/0
  3994 | D:3      | Found a broken altar of Ashenzari.
  3998 | D:3      | Became a worshipper of Ashenzari the Shackled
  4713 | D:5      | Reached XP level 7. HP: 29/53 MP: 0/0
  4713 | D:5      | Learned a level 3 spell: Ozocubu's Armour
  4855 | D:5      | Found a staircase to the Ecumenical Temple.
  4878 | D:5      | Reached skill level 5 in Spellcasting
  4977 | Temple   | Entered the Ecumenical Temple
  5216 | D:5      | Reached skill level 5 in Fighting
  5285 | D:5      | HP: 2/54 [centaur (2)]
  5287 | D:5      | Slain by a centaur

Illustrated notes

Levels and vault maps discovered:
D:1:      grunt_arrival_crossed_arrows, layout_rooms,
          hellmonk_ecumenical_altar_zigzags, chequers_serial_rivers_room_b
D:2:      layout_loops_corners
D:3:      layout_rooms, nicolae_ashenzari_skybound, serial_bayou_pond_e,
          serial_bayou_pond_d
D:4:      layout_rooms, nicolae_ru_path_of_blood
D:5:      layout_gridville, mainiacjoe_overflow_alcove_2,
          minmay_temple_entry_statues_fountains
Temple:   grunt_temple_mini_profane

Skill      XL: |  1  2  3  4  5  6  7 |
---------------+----------------------+-----
Fighting       | 1 2 3 4 5 |  5.0
Spellcasting   | 4 5 |  5.1
Dodging        | |  2.1
Stealth        | |  1.5

Action                   |  1- 3 |  4- 6 |  7- 9 || total
-------------------------+-------+-------+-------++-------
Melee: Dagger            |     3 |     1 |       ||     4
 Cast: Magic Dart        |    66 |    72 |     4 ||   142
       Searing Ray       |     4 |    15 |     2 ||    21
       Iskenderun's Myst |       |     5 |       ||     5
       Slow              |       |     1 |     1 ||     2
       Ozocubu's Armour  |       |       |     1 ||     1
Armor: Robe              |     7 |     4 |    14 ||    25
Dodge: Dodged            |    10 |    14 |    34 ||    58
